 Dungeon Crawl Stone Soup version 0.29.0-11-gd7f09526c8 (webtiles) character file.

Game seed: 10578223419596377296

116 SomeFlowers the Magician (level 4, -7/30 HPs)
             Began as a Mummy Earth Elementalist on Sept 4, 2022.
             Killed by divine providence
             ... invoked by an orc priest
              (12 damage)
             ... on level 4 of the Dungeon.
             The game lasted 00:02:34 (1937 turns).

SomeFlowers the Magician (Mummy Earth Elementalist) Turns: 1937, Time: 00:02:35

Health: -7/30      AC:  2    Str: 11    XL:     4   Next: 69%
Magic:  10/10      EV: 12    Int: 16    God:
Gold:   75         SH:  0    Dex: 12    Spells: 11/12 levels left

rFire   x . .      SeeInvis .   (no weapon)
rCold   + . .      Faith    .   (no shield)
rNeg    + + +      Spirit   .   a - +0 robe
rPois   ∞          Reflect  .   (no helmet)
rElec   .          Harm     .   (no cloak)
rCorr   .          Rampage  .   (no gloves)
Will    .....                   (no boots)
Stlth   ++........              (no amulet)
HPRegen 0.10/turn               (no ring)
MPRegen 0.12/turn               (no ring)

@: no status effects
A: cold resistance 1, negative energy resistance 3, torment resistance 2, heat
vulnerability 1, in touch with death 1, no potions
a: no special abilities


You were on level 4 of the Dungeon.
You visited 1 branch of the dungeon, and saw 3 of its levels.

You collected 75 gold pieces.

Inventory:

Hand Weapons
 e - a +0 long sword
Armour
 a - a +0 robe (worn)
Jewellery
 d - a ring of ice
Scrolls
 b - a scroll of identify {unknown}
 c - a scroll of silence {unknown}


   Skills:
 + Level 2.0 Dodging
 + Level 1.6 Stealth
 + Level 4.6 Spellcasting
 + Level 0.7 Transmutations
 + Level 3.4 Earth Magic


You had 11 spell levels left.
You knew the following spells:

 Your Spells              Type           Power      Damage    Failure   Level
a - Sandblast             Erth           28%        2d8       4%          1

Your spell library contained the following spells:

 Spells                   Type           Power      Damage    Failure   Level
 Passwall                 Tmut/Erth      8%         N/A       11%         2
 Stone Arrow              Conj/Erth      18%        3d8       24%         3
 Petrify                  Tmut/Erth      10%        N/A       56%         4


Dungeon Overview and Level Annotations

Branches:
Dungeon (2/15)

Altars:


Innate Abilities, Weirdness & Mutations

You are immune to poison.
Your flesh is cold resistant. (rC+)
You are immune to negative energy. (rN+++)
You are immune to unholy pain and torment.
You are vulnerable to heat. (rF-)
You are in touch with the powers of death.
You do not drink.


Message History

The orc moves out of view.
An orc comes into view.
It is wielding a +0 hand axe and wearing a +0 leather armour of cold resistance.
An orc is nearby!
The orc moves out of view.
Casting: Sandblast (safe; 4% risk of failure)
Confirm with . or Enter, or press ? or * to list all spells.
Aiming: Sandblast (safe; 4% risk of failure)
Press: ? - help, Shift-Dir - straight line, f - orc
Aim: an orc, wielding a +0 hand axe and wearing a +0 leather armour of cold resistance (82% to hit)
The blast of sand hits the orc but does no damage.
The orc hits you with a +0 hand axe.
Unknown command.
Casting: Sandblast (safe; 4% risk of failure)
Confirm with . or Enter, or press ? or * to list all spells.
Aiming: Sandblast (safe; 4% risk of failure)
Press: ? - help, Shift-Dir - straight line, f/p - orc
Aim: an orc, wielding a +0 hand axe and wearing a +0 leather armour of cold resistance (82% to hit)
Okay, then.
Unknown command.
The orc attacks as you move away! The orc hits you with a +0 short sword.
The orc attacks as you move away! The orc hits you but does no damage.
An orc priest comes into view. It is wielding a +0 whip.
The orc priest shouts!
The orc attacks as you move away! The orc hits you with a +0 hand axe.
The orc attacks as you move away! The orc barely misses you.
An orc comes into view. It is wielding a +0 dagger.
The orc shouts!
You hit the orc.
The orc is moderately wounded.
The orc hits you with a +0 dagger. The orc misses you.
The orc hits you with a +0 hand axe. The orc hits you with a +0 dagger.
The orc attacks as you move away! The orc closely misses you.
The orc attacks as you move away! The orc hits you with a +0 dagger.
* * * LOW HITPOINT WARNING * * *
The orc attacks as you move away! The orc hits you but does no damage.
The orc attacks as you move away! The orc hits you with a +0 dagger.
* * * LOW HITPOINT WARNING * * *
The orc priest calls down the wrath of Beogh upon you.
Beogh smites you!
You die...

.........###)#
...!........)## ##.
...#...#..##..####.###
...
..###....####.........
##.. ..###...##
#.####...# ...#
..##...#####.# # ...#
#.......##..##
.#.######...###....#.#
.#....##..#.#
##@###.......#
.#........#.# ##o#
#.####... ...######...#
#..# #.# ##.##
##....###.o# #.####
###.###†..##.##.o##......
# #.#...####..o.........
# ##..### ##..........#
## #.## #..##.......#
.###.# ##.####..#..##


You could see an orc priest and 3 orcs.

Vanquished Creatures
  2 hounds (D:4)
  2 adders (D:4)
  2 dart slugs (D:1)
  3 orcs (D:4)
  2 endoplasms
  A giant cockroach (D:4)
  2 goblins (D:1)
  2 hobgoblins (D:1)
  4 ball pythons
  2 bats (D:1)
  3 frilled lizards (D:1)
  3 kobolds
  2 rats (D:1)
30 creatures vanquished.

Notes
Turn   | Place    | Note
-------+----------+-------------------------------------------
     0 | D:1      | SomeFlowers the Mummy Earth Elementalist began the quest
                  | for the Orb.
     0 | D:1      | Reached XP level 1. HP: 13/13 MP: 4/4
   339 | D:1      | Reached skill level 3 in Spellcasting
   369 | D:1      | Reached XP level 2. HP: 11/19 MP: 0/6
  1465 | D:2      | You fall into a shaft and drop 2 floors!
  1506 | D:4      | Reached skill level 4 in Spellcasting
  1506 | D:4      | Gained mutation: You are in touch with the powers of death.
                  | [Mummy growth]
  1506 | D:4      | Reached XP level 3. HP: 14/24 MP: 0/8
  1632 | D:4      | Reached XP level 4. HP: 20/30 MP: 3/10
  1937 | D:4      | Killed from afar by an orc priest

Illustrated notes

Levels and vault maps discovered:
D:1:      matt_arrival_refuge, layout_basic
D:2:      layout_loops_cross, basic_altar, bh_walls_and_bars
D:4:      layout_layer_cave, nicolae_qazlal_general_emergency,
          hangedman_abyss_or_decor_passed, uniq_eustachio

Skill      XL: |  1  2  3  4 |
---------------+-------------+-----
Spellcasting   | 3 4 |  4.6
Earth Magic    | 3 |  3.4
Dodging        | 2 |  2.0
Stealth        | |  1.6
Transmutations | |  0.7

Action                   |  1- 3 |  4- 6 || total
-------------------------+-------+-------++-------
Melee: Unarmed           |    10 |     4 ||    14
 Cast: Sandblast         |    46 |    14 ||    60
Armor: Robe              |     6 |     6 ||    12
Dodge: Dodged            |    26 |     9 ||    35
